 Dungeon Crawl Stone Soup version 0.28-a0-533-g9f97627e2a (webtiles) character file.

Game seed: 1286100642335161730

6528 speeev33 the Protected (level 11, -8/73 HPs)
             Began as a Gargoyle Fighter on Sept 26, 2021.
             Was a Priest of Okawaru.
             Mangled by a tengu warrior (12 damage)
             ... on level 7 of the Dungeon.
             The game lasted 00:13:29 (10591 turns).

speeev33 the Protected (Gargoyle Fighter)          Turns: 10591, Time: 00:13:29

Health: -8/73      AC: 29    Str: 23    XL:     11   Next: 1%
Magic:  11/11      EV:  8    Int:  6    God:    Okawaru [***...]
Gold:   868        SH:  5    Dex:  9    Spells: 10/10 levels left

rFire   x . .      SeeInvis .   E - +3 morningstar
rCold   + . .      Faith    +   c - +1 buckler
rNeg    + + +      Spirit   .   j - +0 chain mail
rPois   ∞          Reflect  .   B - +2 helmet
rElec   +          Harm     .   y - +1 cloak {rPois}
rCorr   .          Rampage  .   (no gloves)
Will    +....                   i - +2 pair of boots
Stlth   ..........              h - amulet of faith
HPRegen 0.22/turn               n - ring of willpower
MPRegen 0.12/turn               r - ring "Uririg" {Ice rN++ Int-3 Stlth+}

@: no status effects
A: sickness immunity, AC +8, negative energy resistance 1, electricity
resistance, torment resistance 1, petrification resistance
a: Renounce Religion, Heroism


You were on level 7 of the Dungeon.
You worshipped Okawaru.
Okawaru was most pleased with you.
You visited 2 branches of the dungeon, and saw 10 of its levels.

You collected 868 gold pieces.

Inventory:

Hand Weapons
 d - a +3 whip of flaming
 q - a +0 morningstar
 E - a +3 morningstar (weapon)
Armour
 c - a +1 buckler (worn)
 i - a +2 pair of boots (worn)
 j - a +0 chain mail (worn)
 y - a +1 cloak of poison resistance (worn)
 B - a +2 helmet (worn)
Jewellery
 a - a +4 ring of evasion
 h - an amulet of faith (around neck)
 n - a ring of willpower (left hand)
 r - the ring "Uririg" (right hand) {Ice rN++ Int-3 Stlth+}
   (You found it on level 5 of the Dungeon)

   [ring of ice]

   It enhances your ice magic.
   Int:       It affects your intelligence (-3).
   rF:        It makes you vulnerable to fire.
   rC:        It protects you from cold.
   rN:        It greatly protects you from negative energy.
   Stlth:     It makes you more stealthy.
 u - a ring of positive energy
Wands
 p - a wand of iceblast (14)
 v - a wand of acid (6)
 w - a wand of flame (19)
 C - a wand of digging (1)
 F - a wand of polymorph (9)
Scrolls
 x - 2 scrolls of teleportation
 A - 2 scrolls of enchant weapon
 D - a scroll of identify
Potions
 b - 2 potions of ambrosia {unknown}
 e - 2 potions of curing
 f - a potion of berserk rage
 g - a potion of flight {unknown}
 k - 3 potions of lignification
 l - 2 potions of mutation {unknown}
 m - 2 potions of heal wounds {unknown}
 o - a potion of resistance
 s - 2 potions of haste
 t - a potion of brilliance {unknown}
 z - a potion of degeneration {unknown}


   Skills:
 + Level 10.8 Fighting
 + Level 9.6 Maces & Flails
 + Level 10.8 Armour
 - Level 4.0 Shields


You had 10 spell levels left.
You didn't know any spells.
Your spell library contained the following spells:

 Spells                   Type           Power      Damage    Failure   Level
 Apportation              Tloc           0%         N/A       95%         1
 Ignite Poison            Fire/Tmut/Pois 0%         N/A       100%        3
 Mephitic Cloud           Conj/Pois/Air  0%         N/A       100%        3
 Alistair's Intoxication  Tmut/Pois      0%         N/A       100%        5
 Freezing Cloud           Conj/Ice/Air   0%         6-21      100%        5
 Invisibility             Hex            0%         N/A       100%        6


Dungeon Overview and Level Annotations

Branches:
Dungeon (9/15)             Temple (1/1) D:6
   Lair: D:8-11         Orc: D:9-12

Altars:
Ashenzari
Cheibriados
Dithmenos
Elyvilon
Fedhas
Gozag
Hepliaklqana
Kikubaaqudgha
Makhleb
Nemelex Xobeh
Okawaru
Qazlal
Sif Muna
Trog
Uskayaw
Vehumet
Wu Jian
Yredelemnul
Zin

Annotations:
D:4 2 runed translucent doors, frimble's ghost, amateur DsVM


Innate Abilities, Weirdness & Mutations

You are immune to sickness and miasma.
Your stone body is resilient. (AC +8)
You are immune to poison.
You resist negative energy. (rN+)
You are resistant to electric shocks. (rElec)
You are resistant to unholy torment.
You are immune to petrification.


Message History

There is a stone staircase leading up here.
The tengu warrior hits you with a +3 long sword of holy wrath.
* * * LOW HITPOINT WARNING * * *
The tengu warrior pecks you but does no damage.
You block the tengu warrior's attack.
You climb upwards.
There is a stone staircase leading down here.
Things that are here:
a +0 short sword; a +0 robe; a +0 dagger
Aiming: Corrosive Bolt
Press: ? - help, Shift-Dir - straight line, f - tengu warrior
Aim: a tengu warrior, wielding a +3 long sword of holy wrath, wearing a +0 leather armour and wearing a +0 kite shield (heavily wounded, 50% to hit)
The bolt of acid misses the tengu warrior.
You hear a shout!
The tengu warrior hits you but does no damage.
The tengu warrior pecks you but does no damage.
The tengu warrior claws you but does no damage.
Aiming: Corrosive Bolt
Press: ? - help, Shift-Dir - straight line, f/p - tengu warrior
Aim: a tengu warrior, wielding a +3 long sword of holy wrath, wearing a +0 leather armour and wearing a +0 kite shield (heavily wounded, 50% to hit)
The bolt of acid misses the tengu warrior.
The bolt of acid hits the orc!
You kill the orc!
Okawaru accepts your kill.
You hear a shout!
The tengu warrior hits you with a +3 long sword of holy wrath.
* * * LOW HITPOINT WARNING * * *
The tengu warrior pecks you but does no damage.
The tengu warrior claws you but does no damage.
An orc comes into view. It is wielding a +0 hand axe.
You bludgeon the tengu warrior!!
The tengu warrior is almost dead.
The tengu warrior hits you with a +3 long sword of holy wrath!
* * * LOW HITPOINT WARNING * * *
The tengu warrior pecks you but does no damage.
The tengu warrior claws you but does no damage.
The tengu warrior blocks your attack.
The tengu warrior is almost dead.
The tengu warrior hits you with a +3 long sword of holy wrath!
You die...

#.# #.# #.# #######.##### #.#
##.......>...† ######## #.#
##.#.#.##.#####
..)))).#####.######.##.##.#.##
#
######)....#.................#
# #........#####.##.......####
#........######o#.###.......
#........)Q@))).).# #.#.####
#...#.#######.###.###.#.# #
#...#.# #.# #.....#.####
######...#.# #.# ###.........
.........#.# #.# #...#.####
#######..#.## #.# ##..#.# #
#.....## #.# #..#.# # #......#
#.# #....# # #.#....#####.#
#...## #


You could see a tengu warrior and an orc.

Vanquished Creatures
  Erica (D:9)
  A two-headed ogre (D:8)
  Pikel (D:5)
  2 hornets (D:8)
  6 yaks
  A wyvern (D:7)
  A fire bat (D:4)
  A steam dragon (D:5)
  An acid dragon (D:9)
  4 water moccasins
  2 black bears
  A centaur (D:8)
  A phantom (D:5)
  2 kobold brigands
  A bullfrog (D:8)
  A scorpion (D:5)
  A wyvern zombie (D:8)
  A wyvern skeleton (D:7)
  A water moccasin skeleton (D:5)
  4 killer bees (D:8)
  2 howler monkeys
  12 wights
  A bullfrog zombie (D:6)
  4 centaur zombies
  4 hounds
  3 orc priests
  2 jellies
  A gnoll shaman (D:7)
  Crazy Yiuf (D:5)
  An iguana (D:6)
  Natasha (thrice) (D:4)
  6 orc wizards
  A scorpion zombie (D:5)
  2 killer bee zombies
  4 gnolls (D:7)
  A howler monkey skeleton (D:5)
  8 adders
  A white imp (D:5)
  A worm (D:2)
  2 dart slugs (D:2)
  20 orcs
  5 ball pythons
  5 endoplasms
  4 giant cockroaches
  6 hobgoblins
  9 jackals
  17 kobolds
  8 quokkas
  8 bats
  A frilled lizard (D:3)
  5 goblins
  7 rats
  A bush (D:5)
190 creatures vanquished.

Notes
Turn   | Place    | Note
-------+----------+-------------------------------------------
     0 | D:1      | speeev33 the Gargoyle Fighter began the quest for the Orb.
     0 | D:1      | Reached XP level 1. HP: 14/14 MP: 1/1
   160 | D:1      | Found a faded altar of an unknown god.
   438 | D:1      | Reached XP level 2. HP: 19/19 MP: 2/2
  1206 | D:1      | Reached XP level 3. HP: 8/23 MP: 3/3
  1631 | D:2      | Found a shadowy altar of Dithmenos.
  1661 | D:2      | Reached XP level 4. HP: 29/29 MP: 4/4
  2993 | D:4      | Noticed Natasha
  2998 | D:4      | Killed Natasha
  2999 | D:4      | Reached XP level 5. HP: 32/33 MP: 5/5
  3356 | D:4      | Found a runed translucent door.
  3367 | D:4      | Noticed frimble's ghost (amateur DsVM)
  3385 | D:4      | Found a runed translucent door.
  3589 | D:4      | Found a transporter.
  3594 | D:4      | You fall into a shaft and drop 2 floors!
  3610 | D:5      | Entered Level 5 of the Dungeon
  3618 | D:5      | Identified the ring "Uririg" {Ice rN++ Int-3 Stlth+}
  3655 | D:4      | Noticed Natasha
  3657 | D:4      | Killed Natasha
  3711 | D:4      | Noticed Natasha
  3721 | D:4      | Killed Natasha
  3722 | D:4      | Reached XP level 6. HP: 37/40 MP: 6/6
  4085 | D:4      | Found a transporter.
  4265 | D:4      | Noticed a fire bat
  4348 | D:4      | Killed a fire bat
  4349 | D:4      | Reached skill level 5 in Fighting
  4349 | D:4      | Reached skill level 5 in Armour
  5016 | D:5      | Noticed a water moccasin
  5020 | D:5      | Noticed Pikel
  5026 | D:5      | Killed a water moccasin
  5027 | D:5      | Reached XP level 7. HP: 31/44 MP: 7/7
  5034 | D:5      | Killed Pikel
  5035 | D:5      | Reached skill level 5 in Maces & Flails
  5035 | D:5      | Reached XP level 8. HP: 47/52 MP: 8/8
  5453 | D:5      | Noticed a yak
  5454 | D:5      | Noticed a yak
  5454 | D:5      | Noticed a yak
  5455 | D:5      | Noticed a yak
  5469 | D:5      | Noticed a yak
  5478 | D:5      | Killed a yak
  5493 | D:5      | Killed a yak
  5505 | D:5      | Noticed a yak
  5580 | D:4      | Killed a yak
  5789 | D:5      | Killed a yak
  5790 | D:5      | Reached XP level 9. HP: 39/59 MP: 9/9
  6212 | D:5      | Found an opulent altar of Gozag.
  6541 | D:5      | Found a runed translucent door.
  6541 | D:5      | Noticed Crazy Yiuf
  6553 | D:5      | Killed Crazy Yiuf
  7079 | D:6      | Found a staircase to the Ecumenical Temple.
  7088 | Temple   | Entered the Ecumenical Temple
  7242 | Temple   | Became a worshipper of Warmaster Okawaru
  7556 | D:6      | Found a basalt altar of Yredelemnul.
  8339 | D:6      | Reached XP level 10. HP: 60/66 MP: 10/10
  8344 | D:6      | Reached * piety under Okawaru
  9020 | D:7      | Found a bloodstained altar of Trog.
  9474 | D:8      | Found a radiant altar of Vehumet.
  9587 | D:8      | Reached ** piety under Okawaru
  9788 | D:8      | Reached skill level 10 in Fighting
  9788 | D:8      | Reached skill level 10 in Armour
 10213 | D:9      | Noticed Erica
 10213 | D:9      | Noticed a boulder beetle
 10217 | D:9      | Noticed a two-headed ogre
 10224 | D:9      | Killed Erica
 10229 | D:9      | Noticed a tengu warrior
 10540 | D:8      | Noticed a two-headed ogre
 10540 | D:8      | Noticed a deep elf pyromancer
 10540 | D:8      | Noticed a cyclops
 10540 | D:8      | Noticed a tengu warrior
 10558 | D:8      | Killed a two-headed ogre
 10558 | D:8      | Reached *** piety under Okawaru
 10559 | D:8      | Reached XP level 11. HP: 64/73 MP: 8/11
 10591 | D:7      | Mangled by a tengu warrior

Illustrated notes

Levels and vault maps discovered:
D:1:      eino_arrival_water_star, layout_basic, basic_ecumenical_altar
D:2:      layout_rooms, basic_altar, grunt_decor_junction
D:3:      layout_basic
D:4:      gammafunk_cloud_chamber, layout_basic, ebering_ghost_sewer_f,
          columned_hall_lemuel, uniq_natasha
D:5:      layout_basic, kennysheep_little_box, uniq_pikel,
          uniq_crazy_yiuf_cottage
D:6:      layout_layer_cave, mainiacjoe_overflow_24_doors, temple_hall,
          st_stairs_9
D:7:      layout_loops_ring, mainiacjoe_overflow_paths
D:8:      minmay_klotski, layout_rooms, lemuel_round_altar
D:9:      layout_loops_ring, led_xom_imps, uniq_erica
Temple:   regret_index_temple_generic_petals

Skill      XL: |  1  2  3  4  5  6  7  8  9 10 |
---------------+-------------------------------+-----
Armour         | 4 5 6 7 9 10 | 10.8
Fighting       | 4 5 6 7 9 10 | 10.8
Shields        | 4 |  4.0
Maces & Flails | 3 4 5 6 8 9 |  9.6

Action                   |  1- 3 |  4- 6 |  7- 9 | 10-12 || total
-------------------------+-------+-------+-------+-------++-------
Melee: Flail             |   111 |   120 |       |       ||   231
       Morningstar       |       |    59 |    15 |    35 ||   109
       Whip              |       |       |   393 |   286 ||   679
Invok: Heroism           |       |       |       |     3 ||     3
Evoke: Wand              |       |       |       |     3 ||     3
  Use: Scroll            |     3 |     6 |     3 |     1 ||    13
       Potion            |       |     3 |     1 |       ||     4
Armor: Scale mail        |   119 |       |       |       ||   119
       Chain mail        |     5 |   126 |   175 |   146 ||   452
Dodge: Dodged            |   133 |    74 |   110 |    76 ||   393
Block: Buckler           |    60 |    46 |    77 |    66 ||   249

Table legend: (Time is in decaauts)
 A = Elapsed time spent in this place.
 B = Non-inter-level travel time spent in this place.
 C = Inter-level travel time spent in this place.
 D = Time resting spent in this place.
 E = Time spent auto-exploring this place.
 F = Levels seen in this place.
 G = Mean time per level.
                   A        B        C        D        E       F      G
               +--------+--------+--------+--------+--------+-----+--------+
         Total |  10489 |  10139 |    350 |   2291 |   5617 |  10 | 1048.9 |
       Dungeon |  10239 |   9924 |    315 |   2291 |   5417 |   9 | 1137.7 |
        Temple |    249 |    214 |     35 |      0 |    200 |   1 |  249.0 |
               +--------+--------+--------+--------+--------+-----+--------+

Top non-repeatable levels by time:
     D:4: 2155 daAuts
     D:5: 2010 daAuts
     D:1: 1520 daAuts
     D:6: 1188 daAuts
     D:8: 1039 daAuts
     D:7: 819 daAuts
     D:2: 778 daAuts
     D:3: 705 daAuts
  Temple: 249 daAuts
     D:9: 23 daAuts
